| TOP OF THE 1ST |
|
Manchester Fisher Cats batting - Pitching for Pittsfield Colonials : RHP Robert Vavrock
|
|
Pitching: RHP Robert Vavrock
|
|
|
Batting: LHB Carlos Cabassa
|
0-0: Ball 1-0: Ball 2-0: Ball 3-0: Base on Balls
|
|
Batting: LHB Tim Derryberry
|
0-0: Called Strike 0-1: Ball 1-1: Swinging Strike 1-2: Ball 2-2: Strikes out swinging
|
|
Batting: LHB Jessie Reid
|
0-0: Ball 1-0: Ball Wild Pitch! Carlos Cabassa to second 2-0: Ball 3-0: Ground out 4-3 (Groundball, 4S, EV 87.5 MPH) Carlos Cabassa to third
|
|
Batting: LHB Herbert Orensky
|
0-0: Swinging Strike 0-1: Ball 1-1: Swinging Strike 1-2: Ball 2-2: Foul Ball, location: 2F 2-2: Foul Ball, location: 2F 2-2: Foul Ball, location: 2F 2-2: Ball 3-2: Strikes out swinging
|
| Top of the 1st over - 0 runs, 0 hits, 0 errors, 1 left on base; Manchester 0 - Pittsfield 0 |
| BOTTOM OF THE 1ST |
|
Pittsfield Colonials batting - Pitching for Manchester Fisher Cats : LHP Chuck Dougherty
|
|
Pitching: LHP Chuck Dougherty
|
|
|
Batting: SHB Steve Scafa
|
0-0: Called Strike 0-1: SINGLE (Groundball, 4D, EV 108.8 MPH)
|
|
Batting: SHB Mitch Webster
|
0-0: Called Strike 0-1: Fielders Choice at 2nd, 6-4 (Groundball, 6M, EV 82.5 MPH)
|
|
Batting: RHB Shawon Dunston
|
0-0: Foul Ball, location: 2F 0-1: Ball 1-1: Ball Wild Pitch! Mitch Webster to second 2-1: DOUBLE (Line Drive, 89D, EV 106.3 MPH) Mitch Webster scores
|
|
Batting: RHB Mike Brewer
|
0-0: Ball 1-0: Ball 2-0: Ball 3-0: Base on Balls
|
|
Batting: RHB Steven Ramler
|
0-0: Ball 1-0: Called Strike 1-1: Foul Ball, location: 2F 1-2: Ball 2-2: TRIPLE (Line Drive, 89XD, EV 104.4 MPH) Shawon Dunston scores Mike Brewer scores
|
|
Batting: LHB Armando Ortiz
|
0-0: Called Strike 0-1: Called Strike 0-2: Ball 1-2: Strikes out looking
|
|
Batting: SHB David Enos
|
0-0: Ball 1-0: Foul Ball, location: 2F 1-1: Fly out, F8 (Line Drive, 8RM, EV 90.0 MPH)
|
| Bottom of the 1st over - 3 runs, 3 hits, 0 errors, 1 left on base; Manchester 0 - Pittsfield 3 |
| TOP OF THE 2ND |
|
Manchester Fisher Cats batting - Pitching for Pittsfield Colonials : RHP Robert Vavrock
|
|
Batting: LHB Mike Ciampa
|
0-0: Ball 1-0: Swinging Strike 1-1: Ball 2-1: Ground out 6-3 (Groundball, 6, EV 105.0 MPH)
|
|
Batting: SHB Danny Hernandez
|
0-0: Ball 1-0: Ball 2-0: Ball 3-0: Called Strike 3-1: DOUBLE (Line Drive, 89M, EV 108.1 MPH)
|
|
Batting: RHB Tony Stevens
|
0-0: Ball 1-0: Ball 2-0: SINGLE (Flyball, 3D, EV 96.9 MPH) Danny Hernandez to third
|
|
Batting: RHB Randy Johnson
|
0-0: Ball 1-0: Swinging Strike 1-1: Swinging Strike 1-2: Foul Ball, location: 2F 1-2: Ball 2-2: Foul Ball, location: 2F 2-2: Foul Ball, location: 2F 2-2: Fly out, F9 (Line Drive, 9, EV 90.6 MPH) Runner from 3rd tags up, SCORES, throw by RF
|
|
Batting: RHB Reymundo Estevez
|
0-0: Ball 1-0: Called Strike 1-1: Foul Ball, location: 2F 1-2: Ball 2-2: Ball 3-2: Base on Balls Tony Stevens to second
|
|
Batting: LHB Carlos Cabassa
|
0-0: Ball 1-0: Fly out, F6 (Flyball, 6D, EV 88.1 MPH)
|
| Top of the 2nd over - 1 run, 2 hits, 0 errors, 2 left on base; Manchester 1 - Pittsfield 3 |
| BOTTOM OF THE 2ND |
|
Pittsfield Colonials batting - Pitching for Manchester Fisher Cats : LHP Chuck Dougherty
|
|
Batting: SHB Felipe Gracia
|
0-0: SINGLE (Line Drive, 89M, EV 85.6 MPH)
|
|
Batting: RHB Juan Castro
|
0-0: Called Strike 0-1: Ball 1-1: Called Strike 1-2: Fielders Choice at 2nd, 6-4 (Groundball, 6, EV 81.9 MPH)
|
|
Batting: SHB Steve Scafa
|
0-0: Foul Ball, location: 2F 0-1: Foul Ball, location: 2F 0-2: Ball 1-2: Strikes out swinging
|
|
Batting: SHB Mitch Webster
|
0-0: Ball 1-0: Called Strike 1-1: Ball 2-1: SINGLE (Groundball, 34D, EV 98.8 MPH) Juan Castro to second Runner from 2nd tries for 3rd, SAFE, throw by RF made to third Mitch Webster to second
|
|
Batting: RHB Shawon Dunston
|
0-0: Called Strike 0-1: Fly out, F8 (Flyball, 8LD, EV 94.4 MPH)
|
| Bottom of the 2nd over - 0 runs, 2 hits, 0 errors, 2 left on base; Manchester 1 - Pittsfield 3 |
| TOP OF THE 3RD |
|
Manchester Fisher Cats batting - Pitching for Pittsfield Colonials : RHP Robert Vavrock
|
|
Batting: LHB Tim Derryberry
|
0-0: Called Strike 0-1: Ball 1-1: SINGLE (Groundball, 34D, EV 100.6 MPH)
|
|
Batting: LHB Jessie Reid
|
0-0: Fly out, F7 (Flyball, 7D, EV 97.5 MPH)
|
|
Batting: LHB Herbert Orensky
|
0-0: Ball 1-0: Called Strike 1-1: Called Strike 1-2: Ball 2-2: Foul Ball, location: 2F 2-2: Fly out, F9 (Flyball, 89M, EV 81.3 MPH)
|
|
Batting: LHB Mike Ciampa
|
0-0: Swinging Strike 0-1: Ball 1-1: Ball 2-1: SINGLE (Groundball, 4MD, EV 102.5 MPH) Tim Derryberry to second Runner from 2nd tries for 3rd, SAFE, throw by CF made to third
|
|
Batting: SHB Danny Hernandez
|
0-0: Called Strike Mike Ciampa steals 2nd base 0-1: Foul Ball, location: 2F 0-2: Ball 1-2: Ball 2-2: Foul Ball, location: 2F 2-2: Ball 3-2: Ground out 4-3 (Groundball, 4, EV 103.1 MPH)
|
| Top of the 3rd over - 0 runs, 2 hits, 0 errors, 2 left on base; Manchester 1 - Pittsfield 3 |
| BOTTOM OF THE 3RD |
|
Pittsfield Colonials batting - Pitching for Manchester Fisher Cats : LHP Chuck Dougherty
|
|
Batting: RHB Mike Brewer
|
0-0: Ball 1-0: Ball 2-0: Swinging Strike 2-1: Ball 3-1: Called Strike 3-2: Base on Balls
|
|
Batting: RHB Steven Ramler
|
0-0: Grounds into double play, 4-6-3 (Groundball, 4M, EV 101.3 MPH)
|
|
Batting: LHB Armando Ortiz
|
0-0: Ball 1-0: Ball 2-0: Reached on error, E6 (Groundball, 6S, EV 85.6 MPH)
|
|
Batting: SHB David Enos
|
0-0: Swinging Strike 0-1: Called Strike 0-2: Strikes out swinging
|
| Bottom of the 3rd over - 0 runs, 0 hits, 1 error, 1 left on base; Manchester 1 - Pittsfield 3 |
| TOP OF THE 4TH |
|
Manchester Fisher Cats batting - Pitching for Pittsfield Colonials : RHP Robert Vavrock
|
|
Batting: RHB Tony Stevens
|
0-0: Called Strike 0-1: Foul Ball, location: 2F 0-2: Ball 1-2: Strikes out swinging
|
|
Batting: RHB Randy Johnson
|
0-0: Ball 1-0: Ball 2-0: Ground out 3-1 (Groundball, 34, EV 88.8 MPH)
|
|
Batting: RHB Reymundo Estevez
|
0-0: Fly out, F8 (Flyball, 8RXD, EV 95.6 MPH)
|
| Top of the 4th over - 0 runs, 0 hits, 0 errors, 0 left on base; Manchester 1 - Pittsfield 3 |
| BOTTOM OF THE 4TH |
|
Pittsfield Colonials batting - Pitching for Manchester Fisher Cats : LHP Chuck Dougherty
|
|
Batting: SHB Felipe Gracia
|
0-0: Foul Ball, location: 2F 0-1: Ball 1-1: Foul Ball, location: 2F 1-2: SINGLE (Line Drive, 8LS, EV 96.3 MPH)
|
|
Batting: RHB Juan Castro
|
0-0: Called Strike 0-1: Swinging Strike 0-2: Strikes out swinging
|
|
Batting: SHB Steve Scafa
|
0-0: Ball 1-0: Foul Ball, location: 2F 1-1: Foul Ball, location: 2F 1-2: Foul Ball, location: 2F 1-2: Foul Ball, location: 2F 1-2: Foul Ball, location: 2F 1-2: Ball 2-2: Foul Ball, location: 2F 2-2: Ball 3-2: Ground out 6-3 (Groundball, 6S, EV 77.5 MPH) Felipe Gracia to second
|
|
Batting: SHB Mitch Webster
|
0-0: Ball 1-0: SINGLE (Line Drive, 8LM, EV 91.9 MPH) Felipe Gracia to third Runner from 3rd tries for Home, SAFE, throw by CF to home
|
|
Batting: RHB Shawon Dunston
|
0-0: Called Strike 0-1: Ball 1-1: Ball Mitch Webster is caught stealing 2nd base 2-4
|
| Bottom of the 4th over - 1 run, 2 hits, 0 errors, 0 left on base; Manchester 1 - Pittsfield 4 |
| TOP OF THE 5TH |
|
Manchester Fisher Cats batting - Pitching for Pittsfield Colonials : RHP Robert Vavrock
|
|
Batting: LHB Carlos Cabassa
|
0-0: Ball 1-0: Ball 2-0: Called Strike 2-1: Ground out 6-3 (Groundball, 6M, EV 82.5 MPH)
|
|
Batting: LHB Tim Derryberry
|
0-0: Fly out, F7 (Flyball, 78M, EV 79.4 MPH)
|
|
Batting: LHB Jessie Reid
|
0-0: Ball 1-0: Foul Ball, location: 2F 1-1: Swinging Strike 1-2: Ball 2-2: Ball 3-2: Base on Balls
|
|
Batting: LHB Herbert Orensky
|
0-0: Called Strike 0-1: Foul Ball, location: 2F 0-2: Ball 1-2: Ball 2-2: Foul Ball, location: 2F 2-2: Ball 3-2: Foul Ball, location: 2F 3-2: Foul Ball, location: 2F 3-2: Fly out, F4 (Popup, 3D, EV 51.9 MPH)
|
| Top of the 5th over - 0 runs, 0 hits, 0 errors, 1 left on base; Manchester 1 - Pittsfield 4 |
| BOTTOM OF THE 5TH |
|
Pittsfield Colonials batting - Pitching for Manchester Fisher Cats : LHP Chuck Dougherty
|
|
Batting: RHB Shawon Dunston
|
0-0: Ball 1-0: Ball 2-0: Ground out 6-3 (Groundball, 6, EV 98.8 MPH)
|
|
Batting: RHB Mike Brewer
|
0-0: Ball 1-0: Swinging Strike 1-1: Swinging Strike 1-2: Reached on error, E5 (Groundball, 56, EV 99.4 MPH)
|
|
Batting: RHB Steven Ramler
|
0-0: Ball 1-0: Called Strike 1-1: Fly out, F6 (Popup, 6S, EV 83.8 MPH)
|
|
Batting: LHB Armando Ortiz
|
0-0: Ball 1-0: Swinging Strike 1-1: Ball 2-1: Foul Ball, location: 2F 2-2: Ball Mike Brewer is caught stealing 2nd base 2-6
|
| Bottom of the 5th over - 0 runs, 0 hits, 1 error, 0 left on base; Manchester 1 - Pittsfield 4 |
| TOP OF THE 6TH |
|
Manchester Fisher Cats batting - Pitching for Pittsfield Colonials : RHP Robert Vavrock
|
|
Batting: LHB Mike Ciampa
|
0-0: Called Strike 0-1: Fly out, F7 (Flyball, 78S, EV 86.3 MPH)
|
|
Batting: SHB Danny Hernandez
|
0-0: Ball 1-0: Ball 2-0: Ball 3-0: Called Strike 3-1: Called Strike 3-2: Strikes out swinging
|
|
Batting: RHB Tony Stevens
|
0-0: Called Strike 0-1: Ball 1-1: Foul Ball, location: 2F 1-2: Ball 2-2: Foul Ball, location: 2F 2-2: Ball 3-2: Foul Ball, location: 2F 3-2: Fly out, F8 (Flyball, 8LXD, EV 106.9 MPH)
|
| Top of the 6th over - 0 runs, 0 hits, 0 errors, 0 left on base; Manchester 1 - Pittsfield 4 |
| BOTTOM OF THE 6TH |
|
Pittsfield Colonials batting - Pitching for Manchester Fisher Cats : LHP Chuck Dougherty
|
|
Batting: LHB Armando Ortiz
|
0-0: Ground out 4-3 (Groundball, 34D, EV 101.3 MPH)
|
|
Batting: SHB David Enos
|
0-0: Ball 1-0: Foul Ball, location: 2F 1-1: Ground out 4-3 (Groundball, 4, EV 83.8 MPH)
|
|
Batting: SHB Felipe Gracia
|
0-0: Ball 1-0: Called Strike 1-1: SINGLE (Flyball, 8LM, EV 96.3 MPH)
|
|
Batting: RHB Juan Castro
|
0-0: Ball 1-0: Foul Ball, location: 2F 1-1: Swinging Strike 1-2: Ball 2-2: Fly out, F8 (Flyball, 8RD, EV 93.1 MPH)
|
| Bottom of the 6th over - 0 runs, 1 hit, 0 errors, 1 left on base; Manchester 1 - Pittsfield 4 |
| TOP OF THE 7TH |
|
Manchester Fisher Cats batting - Pitching for Pittsfield Colonials : RHP Robert Vavrock
|
|
Pitching: RHP Douglas Henley
|
|
|
Batting: RHB Randy Johnson
|
0-0: Called Strike 0-1: Fly out, F8 (Flyball, 8RD, EV 89.4 MPH)
|
|
Batting: RHB Reymundo Estevez
|
0-0: Ball 1-0: Fly out, F6 (Popup, 4MS, EV 69.4 MPH)
|
|
Batting: LHB Carlos Cabassa
|
0-0: Ball 1-0: Ball 2-0: Ball 3-0: Called Strike 3-1: Fly out, F7 (Flyball, 78D, EV 96.3 MPH)
|
| Top of the 7th over - 0 runs, 0 hits, 0 errors, 0 left on base; Manchester 1 - Pittsfield 4 |
| BOTTOM OF THE 7TH |
|
Pittsfield Colonials batting - Pitching for Manchester Fisher Cats : LHP Chuck Dougherty
|
|
Batting: SHB Steve Scafa
|
0-0: Ball 1-0: Foul Ball, location: 2F 1-1: Foul Ball, location: 2F 1-2: Ball 2-2: Foul Ball, location: 2F 2-2: Fly out, F4 (Popup, 34, EV 73.1 MPH)
|
|
Batting: SHB Mitch Webster
|
0-0: Ball 1-0: SOLO HOME RUN (Flyball, 7D, EV 101.9 MPH), Distance : 381 ft
|
|
Pitching: RHP Jesse Flores
|
|
|
Batting: RHB Shawon Dunston
|
0-0: Fly out, F9 (Flyball, 89D, EV 96.9 MPH)
|
|
Batting: RHB Mike Brewer
|
0-0: Ball 1-0: Called Strike 1-1: Called Strike 1-2: Strikes out swinging
|
| Bottom of the 7th over - 1 run, 1 hit, 0 errors, 0 left on base; Manchester 1 - Pittsfield 5 |
| TOP OF THE 8TH |
|
Manchester Fisher Cats batting - Pitching for Pittsfield Colonials : RHP Douglas Henley
|
|
Batting: LHB Tim Derryberry
|
0-0: Swinging Strike 0-1: Ball 1-1: Ball 2-1: Foul Ball, location: 2F 2-2: Ball 3-2: Ground out U3 (Groundball, 34S, EV 87.5 MPH)
|
|
Batting: LHB Jessie Reid
|
0-0: Swinging Strike 0-1: Ball 1-1: Ball 2-1: Swinging Strike 2-2: Strikes out looking
|
|
Batting: LHB Herbert Orensky
|
0-0: Called Strike 0-1: Ball 1-1: Called Strike 1-2: Ball 2-2: Foul Ball, location: 2F 2-2: Foul Ball, location: 2F 2-2: Foul Ball, location: 2F 2-2: Fly out, F8 (Flyball, 89M, EV 89.4 MPH)
|
| Top of the 8th over - 0 runs, 0 hits, 0 errors, 0 left on base; Manchester 1 - Pittsfield 5 |
| BOTTOM OF THE 8TH |
|
Pittsfield Colonials batting - Pitching for Manchester Fisher Cats : RHP Jesse Flores
|
|
Batting: RHB Steven Ramler
|
0-0: Fly out, F5 (Popup, 56, EV 75.6 MPH)
|
|
Batting: LHB Armando Ortiz
|
0-0: Ball 1-0: Ball 2-0: Ground out U3 (Groundball, 3, EV 91.3 MPH)
|
|
Batting: SHB David Enos
|
0-0: Fly out, F7 (Flyball, 78M, EV 92.5 MPH)
|
| Bottom of the 8th over - 0 runs, 0 hits, 0 errors, 0 left on base; Manchester 1 - Pittsfield 5 |
| TOP OF THE 9TH |
|
Manchester Fisher Cats batting - Pitching for Pittsfield Colonials : RHP Douglas Henley
|
|
Batting: LHB Mike Ciampa
|
0-0: Called Strike 0-1: Ball 1-1: Ground out 6-3 (Groundball, 6, EV 92.5 MPH)
|
|
Batting: SHB Danny Hernandez
|
0-0: Ball 1-0: Ball 2-0: Ball 3-0: Base on Balls
|
|
Batting: RHB Tony Stevens
|
0-0: Ground out 6-3 (Groundball, 6M, EV 103.1 MPH) Danny Hernandez to second
|
|
Batting: RHB Randy Johnson
|
0-0: Ball 1-0: Called Strike 1-1: Ground out 4-3 (Groundball, 4MD, EV 100.0 MPH)
|
| Top of the 9th over - 0 runs, 0 hits, 0 errors, 1 left on base; Manchester 1 - Pittsfield 5 |
|